Unix NetHack Version 5.0.0-0 post-release - last build May 10 2026 23:12:36 (d1fa5d53e341ca933230fdaa984d921c805b60aa,branch:main).

Game began 2026-05-13 07:43:15, ended 2026-05-13 08:04:02.

ArrBianca, lawful female dwarven Archeologist

                        ---------------------------------
                        |...............................|
                        +.------...------......------...|
                        |.|..)*|...|(((.|......|(((.|...|
                        |.-.%*%|...|((..+......|.((.|...|
                        |.|.*!%|...|(((.|......|(((.-...|
                        |.------...------..---------|...|
                        |......%).....{....|....|%!%|...|
                        |....-|-----.......|.._.|!%%|...|
                        |....|..|  |.......|....|.(%|...|         -----------
                        |....|..|  |......{|....|...|...|         |.........|
                        |....-----+-.......---|----+-..@|         |.........|
     ------------       |..........................(..m.|#########..........|
     |.........^.       |....--|----.......--+-|-----...|#        |.........|
     |.........>|       |....| .|  |.......|  |..|  |....#        |....<....|
     |..........-#######|....|..| .-.......|  |..|  +...|#########..........|
     ------------      #--------------------  ----  -----#        -----------
                       ###################################

ArrBianca the Field Worker  St:11 Dx:10 Co:15 In:16 Wi:14 Ch:10  Lawful
Dlvl:6  $:1728 HP:0(40) Pw:14(14) AC:9  Xp:4 T:1714 

Latest messages:
 You hear the chime of a cash register.
 You see here a +0 pick-axe.
 You hear someone cursing shoplifters.
 In what direction? k
 The door closes.
 The door resists!
 The door opens.
 "Hello, ArrBianca!  Welcome again to Makin's delicatessen!"
 You do not owe Makin anything.
 You do not owe Makin anything.
 You do not owe Makin anything.
 You do not owe Makin anything.
 You see here an ice box (for sale, 386 zorkmids).
 That strange object is a small mimic!
 You miss the small mimic.
 You lash the small mimic.
 You lash the small mimic.
 You miss the small mimic.
 You lash the small mimic.
 You lash the small mimic.
 You lash the small mimic.
 You lash the small mimic.
 The small mimic hits!
 You miss the small mimic.
 You lash the small mimic.
 The small mimic hits!
 You lash the small mimic.
 You miss the small mimic.
 You miss the small mimic.
 You lash the small mimic.
 You lash the small mimic.
 You lash the small mimic.
 The small mimic hits!
 You lash the small mimic.
 You miss the small mimic.
 You lash the small mimic.
 You lash the small mimic.
 The small mimic hits!
 You miss the small mimic.
 You see here a +0 pick-axe.
 In what direction? k
 The door closes.
 The small mimic oozes under the door.
 You stop waiting.
 The small mimic hits!
 You hear an animal carcass being offered in sacrifice.
 You stop waiting.
 The small mimic hits!
 You die...
 Do you want an account of creatures vanquished? [ynaq] (y) q

Inventory:
 Coins    ('$')
  $ - 1728 gold pieces
 Weapons  (')')
  r - 4 +0 daggers
  a - a +2 bullwhip (weapon in right hand)
 Armor    ('[')
  c - an uncursed +0 fedora (being worn)
  b - an uncursed +0 leather jacket (being worn)
 Comestibles  ('%')
  d - 2 uncursed food rations
  n - 2 uncursed lembas wafers
  x - an uncursed sprig of wolfsbane
  s - 3 uncursed homemade tins of hill orc meat
  m - 2 uncursed homemade tins of jackal meat
  j - 2 uncursed lichen corpses
 Scrolls  ('?')
  z - 2 uncursed scrolls of blank paper
 Potions  ('!')
  l - an uncursed potion of enlightenment
  i - an uncursed potion of oil
 Wands    ('/')
  k - a wand of teleportation (0:6)
 Tools    ('(')
  h - an empty uncursed sack
  A - a magic marker (0:95)
  u - an uncursed skeleton key
  f - a tinning kit (0:38)
 Gems/Stones  ('*')
  g - an uncursed touchstone

ArrBianca the Archeologist's attributes:

Background:
 You were a Field Worker, a level 4 female dwarven Archeologist.
 You were lawful, nominally on a mission for Quetzalcoatl
 who was opposed by Camaxtli (neutral) and Huhetotl (chaotic).
 You were right-handed.
 You were in the Gnomish Mines, on level 6.
 You entered the dungeon 1714 turns ago.
 You had 97 experience points, 63 more were needed to attain level 5.

Basics:
 You had 0 out of 40 hit points.
 You had all 14 energy points (spell power).
 Your armor class was 9.
 Your wallet contained 1728 zorkmids.
 Autopickup was on for '$?!/="+%' plus thrown, with exceptions.

Final Characteristics:
 Your strength was 11 (limit:18/100).
 Your dexterity was 10 (limit:20).
 Your constitution was 15 (limit:20).
 Your intelligence was 16 (limit:16).
 Your wisdom was 14 (limit:16).
 Your charisma was 10 (limit:16).

Final Status:
 You weren't hungry.
 You were unencumbered.
 You were wielding a whip.
 You had basic skill with whip.

Final Attributes:
 You were devoutly aligned.
 You had automatic searching.
 You had infravision.
 You were lucky.
 You are dead.

Miscellaneous:
 You encountered 1 bones level.
 Total elapsed playing time was 20 minutes and 47 seconds.

Major events:
 Turn
    1: ArrBianca the lawful female dwarven Archeologist entered the dungeon
  591: entered the Gnomish Mines
  734: attained the rank of Field Worker (level 3)
 1303: reached Mine Town
 1714: killed by a small mimic

You didn't know any spells.

Skills:
 Fighting Skills
   bare handed combat [Unskilled]
   two weapon combat  [Unskilled]
   riding             [Unskilled]
 Weapon Skills
   dagger             [Unskilled]
   knife              [Unskilled]
   pick-axe           [Basic]
   short sword        [Unskilled]
   saber              [Unskilled]
   club               [Unskilled]
   quarterstaff       [Unskilled]
   sling              [Unskilled]
   dart               [Unskilled]
   boomerang          [Unskilled]
   whip               [Basic]
   unicorn horn       [Unskilled]
 Spellcasting Skills
   attack spells      [Unskilled]
   healing spells     [Unskilled]
   divination spells  [Unskilled]
   matter spells      [Unskilled]

Voluntary challenges:
 Character rerolling was not enabled.
 You followed a strict vegan diet.
 You were an atheist.
 You were illiterate.
 You never genocided any monsters.
 You never polymorphed an object.
 You never changed form.
 You used no wishes.
Achievements:
 You entered the Gnomish Mines.
 You attained the rank of Field Worker.
 You entered Minetown.
 You entered a temple.
 You entered a shop.

 The Dungeons of Doom: levels 1 to 2
    Level 1:
       A fountain.
    Level 2:
       Stairs down to The Gnomish Mines.
 The Gnomish Mines: levels 3 to 6
    Level 3:
    Level 4:
       Final resting place for
          Stef75-Bar-Hum-Mal-Neu, killed by a gnome lord.
    Level 5:
    Level 6: <- You were here.
       Many shops, a temple and an altar, some fountains.
       Final resting place for
          you, killed by a small mimic.


Vanquished creatures:
  a paper golem
  4 hill orcs
  2 giant rats
  a cave spider
  a red mold
  2 gnomes
  6 jackals
  a kobold
  2 goblins
  a sewer rat
  a grid bug
  4 lichens
  3 newts
29 creatures vanquished.

No species were genocided or became extinct.

Game over:
                       ----------
                      /          \
                     /    REST    \
                    /      IN      \
                   /     PEACE      \
                  /                  \
                  |    ArrBianca     |
                  |     1728 Au      |
                  |   killed by a    |
                  |   small mimic    |
                  |                  |
                  |                  |
                  |       2026       |
                 *|     *  *  *      | *
        _________)/\\_//(\/(/\)/\//\/|_)_______

Goodbye ArrBianca the Archeologist...

You died in The Gnomish Mines on dungeon level 6 with 2194 points,
and 1728 pieces of gold, after 1714 moves.
You were level 4 with a maximum of 40 hit points when you died.

